 Dungeon Crawl Stone Soup version 0.23.1 (webtiles) character file.

Game seed: 8251316511100558146

128 teukkam the Shield-Bearer (level 4, 0/41 HPs)
             Began as a Minotaur Fighter on Mar 13, 2019.
             Killed by divine providence
             ... invoked by an orc priest
              (13 damage)
             ... on level 4 of the Dungeon.
             The game lasted 00:03:57 (1172 turns).

teukkam the Shield-Bearer (Minotaur Fighter)        Turns: 1172, Time: 00:03:58

Health: 0/41       AC:  8    Str: 22    XL:     4   Next: 87%
Magic:  3/3        EV:  7    Int:  5    God:
Gold:   65         SH:  9    Dex:  9    Spells: 3/3 levels left

rFire    . . .     SeeInvis .   a - +0 war axe
rCold    . . .     Gourm    .   c - +0 shield
rNeg     . . .     Faith    .   h - +0 scale mail
rPois    .         Spirit   .   (helmet restricted)
rElec    .         Reflect  .   l - +0 cloak
rCorr    .         Harm     .   (no gloves)
MR       .....                  (no boots)
Stlth    ..........             (no amulet)
HPRegen  0.13/turn              (no ring)
MPRegen  0.08/turn              (no ring)

@: no status effects
A: retaliatory headbutt, horns 2
a: no special abilities


You were on level 4 of the Dungeon.
You were not hungry.

You visited 1 branch of the dungeon, and saw 4 of its levels.

You collected 65 gold pieces.

Inventory:

Hand Weapons
 a - a +0 war axe (weapon)
 b - a +0 hunting sling
Missiles
 m - 5 sling bullets
 s - 13 poisoned needles
 u - a throwing net (quivered)
 v - 19 stones
Armour
 c - a +0 shield (worn)
 h - a +0 scale mail (worn)
 l - a +0 cloak (worn)
Scrolls
 k - 2 scrolls of remove curse {unknown}
 o - 2 scrolls of teleportation {unknown}
 p - a scroll of blinking {unknown}
 t - 3 scrolls of identify {unknown}
 x - 2 scrolls of immolation {unknown}
Potions
 d - a potion of might
 e - 2 potions of curing {unknown}
 g - a potion of magic {unknown}
 i - a potion of ambrosia {unknown}
 n - a potion of haste {unknown}
 q - a potion of flight {unknown}
 r - a potion of heal wounds {unknown}
Comestibles
 f - 2 rations


   Skills:
 + Level 4.4 Fighting
 + Level 3.6 Axes
 + Level 1.8 Slings
 + Level 4.4 Armour
 + Level 4.4 Shields


You had 3 spell levels left.
You didn't know any spells.
Your spell library was empty.

Dungeon Overview and Level Annotations

Branches:
Dungeon (4/15)             Temple (0/1) D:4

Altars:


Innate Abilities, Weirdness & Mutations

You reflexively headbutt those who attack you in melee.
You have a pair of horns on your head.


Message History

The orc priest invokes the aid of Beogh against you.
Pain shoots through your body! The orc hits you but does no damage.
The orc priest invokes the aid of Beogh against you.
Beogh smites you!
* * * LOW HITPOINT WARNING * * *
You barely miss the orc priest.
You headbutt the orc priest, but do no damage.
The orc priest is heavily wounded.
You hit the orc but do no damage. The orc hits you but does no damage.
The orc priest barely misses you.
You hit the orc priest. Your headbutt misses the orc priest.
The orc priest is severely wounded.
You barely miss the orc. You block the orc's attack.
You block the orc priest's attack.
You hit the orc priest.
The orc priest is almost dead.
You hit the orc but do no damage. The orc barely misses you.
The orc priest calls down the wrath of Beogh upon you.
Beogh smites you!
You die...

#.......##
#........#****
#........#,,,*
#........#,,,*
**#.#.....##,<,*
***,%.##....#*,,,#
****,,,***####.#,,..#
*,,,,*########.#....#
*,,,,,.(((..o@......#
****,,,,,###(..o#.##...#
,,,,,,,,***#.####.#**###
,*,,,,,,,,..,* #.#
,,,,,,,,*#**** #.#
,*,,,,,,* **#.#
*,,,,,,,* *,..#
*,,,,,,,* *,*.#
*,,,,,,,* **,***


You could see an orc priest and an orc.

Vanquished Creatures
  2 orc priests
  2 adders (D:2)
  An ooze (D:2)
  A dart slug (D:1)
  2 orcs (D:3)
  9 bats
  2 giant cockroaches (D:3)
  6 hobgoblins
  3 jackals (D:2)
  2 kobolds
  A frilled lizard (D:2)
  7 goblins
  3 rats
41 creatures vanquished.

Notes
Turn   | Place    | Note
-------+----------+-------------------------------------------
     0 | D:1      | teukkam the Minotaur Fighter began the quest for the Orb.
     0 | D:1      | Reached XP level 1. HP: 19/19 MP: 0/0
   156 | D:1      | Reached XP level 2. HP: 25/27 MP: 1/1
   314 | D:2      | Reached XP level 3. HP: 33/33 MP: 2/2
   542 | D:2      | Reached skill level 1 in Slings
   891 | D:3      | Reached XP level 4. HP: 7/40 MP: 3/3
  1172 | D:4      | Killed from afar by an orc priest

Skill      XL: |  1  2  3 |
---------------+----------+-----
Axes           | 3 |  3.6
Armour         | 4 |  4.4
Fighting       | 4 |  4.4
Shields        | 4 |  4.4
Slings         | 1 |  1.8

Action                   |  1- 3 |  4- 6 || total
-------------------------+-------+-------++-------
Melee: War axe           |    61 |    11 ||    72
       Headbutt          |     4 |     2 ||     6
 Fire: Hunting sling     |    30 |     5 ||    35
  Use: Potion            |     1 |       ||     1
       Scroll            |       |     1 ||     1
  Eat: Chunk             |       |     1 ||     1
Armor: Scale mail        |    46 |     7 ||    53
Dodge: Dodged            |    26 |     4 ||    30
Block: Shield            |    47 |     6 ||    53
